Map: Lockdown LE

Players

GhostRobo

  • Race: Terran Terran
  • League: Silver
  • Spawn Location: 7:00

A.I. 1 (Very Easy) - Winner!

  • Race: Protoss Protoss
  • Spawn Location: 1:00

VOD

Have the link to the VOD?

Description

Time

  • Played on: July 7, 2026, 7:16 a.m.
  • Length: 8:30
Show
View Real Time Build Order
Export as new Build Order

GhostRobo Terran 

Build Orders: Reaper Expand 

Get SALT Encoding   

  8  0:00  SCV  
  9  0:13  SCV  
  10  0:25  SCV  
  11  0:28  Supply Depot  
  11  0:37  SCV  
  12  0:51  Barracks  
  12  1:00  Refinery  
  12  1:02  SCV  
  13  1:14  SCV  
  14  1:26  SCV  
  15  1:39  Orbital Command  
  15  1:43  Reaper  
  16  2:12  Command Center  
  16  2:15  SCV  
  17  2:30  Factory  
  17  2:33  SCV  
  18  2:43  Supply Depot  
  18  2:48  SCV  
  19  3:00  SCV  
  19  3:03  Barracks Reactor  
  20  3:12  SCV  
  21  3:17  Refinery  
  21  3:24  SCV  
  22  3:31  Command Center  
  22  3:36  SCV  
  22  3:38  Orbital Command  
  23  3:50  SCV  
  24  4:02  SCV  
  27  4:03  Hellion  
  27  4:11  Starport  
  27  4:13  SCV  
  27  4:14  SCV  
  29  4:24  Hellion  
  31  4:25  SCV  
  31  4:26  Hellion, SCV  
  35  4:37  SCV  
  35  4:38  SCV  
  37  4:43  Orbital Command  
  37  4:45  Hellion  
  39  4:49  SCV  
  39  4:50  Fusion Core, SCV  
  41  4:55  Starport Tech Lab  
  41  4:59  Hellion  
  43  5:01  SCV  
  43  5:02  SCV  
  45  5:09  Supply Depot  
  45  5:13  SCV  
  46  5:14  SCV  
  46  5:16  SCV  
  46  5:20  Banshee  
  51  5:25  SCV  
  51  5:26  Refinery, SCV  
  53  5:28  SCV  
  54  5:37  SCV, Factory, Hellion  
  54  5:38  Hellion, SCV  
  54  5:39  Factory  
  54  5:40  SCV  
  61  5:49  SCV  
  62  5:57  SCV  
  63  6:01  Orbital Command  
  63  6:07  Supply Depot  
  63  6:08  Supply Depot  
  63  6:18  Refinery  
  63  6:29  SCV x2, Hellion x2  
  63  6:30  Battlecruiser  
  75  6:33  SCV  
  75  6:37  Factory Tech Lab  
  75  6:38  Factory Reactor  
  76  6:41  SCV x2  
  76  6:45  SCV, Armory  
  79  7:09  Supply Depot  
  79  7:10  Supply Depot  
  79  7:12  Supply Depot  
  79  7:31  SCV x2, Hellion x3  
  79  7:32  SCV, Cyclone, Hellion  
  93  7:43  SCV x2  
  95  7:44  SCV  
  98  7:55  SCV x2  
  98  7:56  SCV  
  99  7:59  Refinery x2  
  100  8:07  SCV x2  
  100  8:08  SCV  
  103  8:14  Supply Depot  
  103  8:16  Supply Depot  
  103  8:17  Supply Depot  
  103  8:19  Supply Depot  
Show
View Real Time Build Order
Export as new Build Order

A.I. 1 (Very Easy) Protoss - Winner!

Build Orders:  

Get SALT Encoding   

  8  0:00  Probe  
  9  0:13  Probe  
  10  0:25  Probe  
  11  0:37  Probe  
  12  0:48  Pylon  
  12  0:49  Probe  
  13  1:02  Probe  
  13  1:05  Assimilator  
  13  1:11  Gateway  
  14  1:13  Pylon  
  14  1:42  Assimilator  
  14  1:52  Probe  
  14  1:58  Zealot  
  14  2:00  Probe  
  17  2:02  Cybernetics Core  
  17  2:08  Probe  
  19  2:17  Probe  
  20  2:29  Probe  
  21  2:33  Pylon  
  21  2:37  Warp Gate  
  21  2:41  Probe  
  21  2:58  Probe  
  21  3:00  Stalker  
  23  4:32  Probe  
  24  7:06  Probe  
  24  7:07  Adept  
  27  7:09  Robotics Facility  
  27  7:15  Nexus  
  27  7:18  Probe  
  28  7:23  Pylon  
  28  7:28  Probe  
  28  7:35  Stalker  
  28  7:36  Probe  
  29  7:45  Probe  
  28  7:54  Pylon  
  28  7:57  Observer, Probe  
  27  8:04  Zealot  
  21  8:09  Probe  
Tags
 
League
Silver
Matchup
PvT
Spawn Locations
Cross Positions
Add a new tag
Caveats
  • Supply blocks, unpowered buildings, or Contaminate may cause inaccurate times.
  • Supply counts are checked every 10 seconds.